AoeStats
← HR Pinkman

Arabia

507908085Analyzed
1v1 RM · 11d ago on Sep 20, 2026· 41m 52s· 2 players
Game mode
Random Map
Map size
Tiny (2 player)
Population
200
Speed
Normal
Resources
Standard
Victory
Conquest
Starting age
Dark Age
Ending age
Imperial Age
RankedLock teamsTeams togetherTeam positionsShared explorationLock speedFull tech treeHidden civsTurbo modeCheats
Victory
Defeat
🇨🇱 Persians · Chile
2175
+16
🇨🇱 Muisca · Chile
2182
-16
[CL] el castigador
5:38 Loom
8:49 Feudal Age
9:29 Double-Bit Axe
9:56 Horse Collar
15:34 Fletching
21:30 Castle Age
20:04 Gold Mining
20:31 Bloodlines
20:45 Scale Barding Armor
22:00 Bodkin Arrow
22:42 Town Watch
25:58 Bow Saw
27:30 Parthian Tactics
27:29 Padded Archer Armor
27:43 Husbandry
29:20 Wheelbarrow
30:15 Ballistics
31:34 Hand Cart
31:24 Heavy Plow
36:08 Imperial Age
34:51 Forging
35:02 Chain Barding Armor
34:44 Light Cavalry
36:36 Leather Archer Armor
37:27 Chemistry
37:04 Plate Barding Armor
35:50 Hussar
36:58 Masonry
37:17 Conscription
37:12 Thumb Ring
37:47 Gold Shaft Mining
38:44 Ring Archer Armor
HR Pinkman
6:26 Loom
8:53 Feudal Age
9:16 Horse Collar
9:21 Double-Bit Axe
20:34 Castle Age
19:11 Scale Mail Armor
19:14 Fletching
19:44 Padded Archer Armor
20:57 Scale Mail Armor
21:40 Squires
23:05 Bodkin Arrow
22:59 Elite Skirmisher
26:45 Wheelbarrow
29:10 Bow Saw
30:19 Town Watch
32:51 Leather Archer Armor
35:17 Imperial Age
33:17 Ballistics
34:11 Chain Mail Armor
34:06 Forging
34:19 Hand Cart
37:20 Plate Mail Armor
37:55 Elite Temple Guard
Connection lost

Rejoining the realm…

Still unreachable

The connection could not be restored.

Session expired

The server has moved on; the page needs a fresh start.